 Dungeon Crawl Stone Soup version 0.28.0-53-g5a82cb258f (webtiles) character file.

Game seed: 7064897573694678020

20248 DemonSlayer the Arsonist (level 12, 0/80 HPs)
             Began as a Demonspawn Fire Elementalist on July 21, 2022.
             Was a Believer of Cheibriados.
             Slain by a small abomination (2 damage)
             ... on level 2 of the Abyss.
             The game lasted 00:49:11 (20983 turns).

DemonSlayer the Arsonist (DsFE)                    Turns: 20983, Time: 00:49:11

Health: 0/80       AC: 14    Str: 12    XL:     12   Next: 43%
Magic:  18/27      EV: 18    Int: 27    God:    Cheibriados [**....]
Gold:   669        SH:  0    Dex: 15    Spells: 1/33 levels left

rFire   + + .      SeeInvis .   n - +4 dagger (protect)
rCold   + . .      Faith    .   C - orb {*channel}
rNeg    . . .      Spirit   .   k - +2 robe {Will+}
rPois   +          Reflect  .   d - +1 helmet
rElec   +          Harm     .   w - +1 cloak {rCorr}
rCorr   +          Rampage  .   (no gloves)
Will    +....                   (no boots)
Stlth   ++++......              x - amulet of the acrobat
HPRegen 0.23/turn               i - ring of protection from fire
MPRegen 0.20/turn               q - ring "Fiet" {*Corrode +Blink rPois EV+4 Dex-2}

@: about to teleport, resistant, sanguine armoured, very slow
A: claws 2, powered by death 1, sanguine armour 1, demonic magic 2
a: Renounce Religion, Evoke Blink, Bend Time


You were on level 2 of the Abyss.
You worshipped Cheibriados.
Cheibriados was pleased with you.
You visited 2 branches of the dungeon, and saw 15 of its levels.
You visited the Abyss 1 time.
You also visited: Ossuary and Gauntlet.

You collected 795 gold pieces.
You spent 126 gold pieces at shops.

Inventory:

Hand Weapons
 n - a +4 dagger of protection (weapon)
Armour
 d - a +1 helmet (worn)
 k - a +2 robe of willpower (worn)
 w - a +1 cloak of preservation (worn)
 C - an orb of energy (worn)
Jewellery
 i - a ring of protection from fire (left claw)
 j - a ring of protection from fire
 q - the ring "Fiet" (right claw) {*Corrode +Blink rPois EV+4 Dex-2}
   (You found it on level 5 of the Dungeon)

   [ring of evasion]

   EV:        It affects your evasion (+4).
   Dex:       It affects your dexterity (-2).
   rPois:     It protects you from poison.
   +Blink:    It lets you blink.
   *Corrode:  It may corrode you when you take damage.
 r - a ring of resist corrosion
 x - an amulet of the acrobat (around neck)
Wands
 a - a wand of digging (3)
 o - a wand of polymorph (10)
 y - a wand of paralysis (4)
 D - a wand of flame (13)
 F - a wand of mindburst (11)
 I - a wand of charming (4)
Scrolls
 b - a scroll of magic mapping
 g - 3 scrolls of immolation
 l - a scroll of blinking {unknown}
 v - 4 scrolls of teleportation
Potions
 c - 4 potions of lignification
 e - a potion of mutation
 f - 2 potions of curing
 m - a potion of cancellation
 s - 2 potions of brilliance
 t - 2 potions of flight
 u - a potion of attraction
 A - 2 potions of resistance
 G - 2 potions of might {unknown}
 H - a potion of ambrosia {unknown}
Miscellaneous
 h - a phantom mirror
 p - a phial of floods


   Skills:
 + Level 2.7 Fighting
 + Level 4.4 Short Blades
 + Level 0.2 Throwing
 + Level 4.7 Dodging
 + Level 9.7 Stealth
 + Level 0.1 Unarmed Combat
 + Level 11.1 Spellcasting
 + Level 3.5 Conjurations
 + Level 0.1 Hexes
 + Level 11.2 Fire Magic
 + Level 0.8 Evocations


You had one spell level left.
You knew the following spells:

 Your Spells              Type           Power      Damage    Failure   Level
a - Foxfire               Conj/Fire      100%       2x1d9     1%          1
b - Scorch                Fire           100%       2d10      1%          2
c - Conjure Flame         Conj/Fire      53%        6-21      1%          3
d - Flame Wave            Conj/Fire      53%        2d11      1%          4
e - Airstrike             Air            7%         N/A       36%         4
f - Fulminant Prism       Conj/Hex       12%        3d9       19%         4
g - Dispel Undead         Necr           15%        3d10      36%         4
h - Alistair's Intoxicat  Tmut/Pois      10%        N/A       71%         5
i - Freezing Cloud        Conj/Ice/Air   10%        6-21      54%         5

Your spell library contained the following spells:

 Spells                   Type           Power      Damage    Failure   Level
 Magic Dart               Conj           100%       1d8       1%          1
 Shock                    Conj/Air       96%        1d9       1%          1
 Apportation              Tloc           30%        N/A       3%          1
 Pain                     Necr           60%        1d7       3%          1
 Searing Ray              Conj           66%        2d6       1%          2
 Inner Flame              Hex/Fire       45%        N/A       1%          3
 Corpse Rot               Necr/Air       30%        N/A       6%          2
 Tukima's Dance           Hex            15%        N/A       11%         3
 Swiftness                Air            15%        N/A       12%         3
 Anguish                  Hex/Necr       7%         N/A       36%         4
 Agony                    Necr           15%        N/A       71%         5
 Excruciating Wounds      Necr           7%         N/A       71%         5
 Death Channel            Necr           7%         N/A       99%         6
 Simulacrum               Ice/Necr       7%         N/A       99%         6
 Enfeeble                 Hex            7%         N/A       100%        7
 Polar Vortex             Ice            7%         N/A       100%        9


Dungeon Overview and Level Annotations

Branches:
Dungeon (10/15)            Temple (0/1) D:7            Lair (5/6) D:10
 Shoals (0/4) Lair:4        Snake (0/4) Lair:4        Slime (0/5) Lair:5
    Orc (0/2) D:10        Ossuary (visited)         Gauntlet (visited)

Altars:
Ashenzari
Cheibriados
Dithmenos
Fedhas
Gozag
Hepliaklqana
Kikubaaqudgha
Ru
Sif Muna
Trog
Vehumet
Yredelemnul
Zin

Shops:
D:1 *

Annotations:
Gauntlet 9 transporters


Innate Abilities, Weirdness & Mutations

You have very sharp fingernails.
You regenerate a little health from kills.
When seriously injured, your blood forms armour. (AC +6)
Spells you cast may paralyse nearby enemies.


Message History

The eye of devastation is burned terribly!
The eye of devastation is moderately wounded.
Malevolent energies surge around you. The eye of devastation gazes at you.
The bolt of energy hits you!!
Your blood congeals into armour.
Flames lash the eye of devastation.
The eye of devastation is burned terribly!
The eye of devastation is moderately wounded.
Malevolent energies surge around you.
Flames lash the eye of devastation.
The eye of devastation is burned terribly!
The eye of devastation is heavily wounded.
Malevolent energies surge around you.
A sixfirhy comes into view.
An iron imp comes into view.
Flames lash the eye of devastation.
The eye of devastation is burned terribly!
The eye of devastation is severely wounded.
Malevolent energies surge around you. The eye of devastation gazes at you.
The bolt of energy hits you!!!
* * * LOW HITPOINT WARNING * * *
The iron imp lashes its tail.
A small abomination comes into view.
Okay, then.
As you read the scroll of teleportation, it crumbles to dust.
You feel strangely unstable.
You feel the power of the Abyss delaying your translocation!
A small abomination comes into view.
The small abomination hits you.
* * * LOW HITPOINT WARNING * * *
You feel better.
The small abomination hits you but does no damage.
The sixfirhy hits you.
* * * LOW HITPOINT WARNING * * *
The sixfirhy shocks you!
* * * LOW HITPOINT WARNING * * *
You feel protected.
The sixfirhy hits you but does no damage.
The small abomination hits you.
You die...

. ....## #
....# . .
.....## ..
.....# .
...###...##
#
##...#....#
#..##3.##..#
.#.5@#. . #
. #.xGx#.#.
# ###>####
.# ## . # .
# #


You could see an eye of devastation (combustible), a sixfirhy, 2 small
abominations and an iron imp.

Vanquished Creatures
  A tentacled starspawn (Abyss:2)
  3 two-headed ogres
  A death yak (Lair:2)
  A wizard (Gauntlet)
  A black mamba (Lair:3)
  6 cane toads
  Psyche (D:9)
  An unseen horror (D:10)
  A rime drake (Lair:4)
  3 komodo dragons
  A troll (D:10)
  A snapping turtle (Lair:4)
  Grinder (D:3)
  A raiju (Abyss:2)
  A meliai zombie (D:10)
  Sigmund (D:6)
  13 flying skulls (Gauntlet)
  2 wyverns (D:9)
  A culicivora (shapeshifter) (Abyss:2)
  28 yaks
  A small abomination (Abyss:2)
  Grum (Lair:1)
  A steam dragon (D:8)
  A chaos spawn (Abyss:2)
  2 nagas (Lair:4)
  3 wargs (D:10)
  4 water moccasins
  Duvessa (D:6)
  4 orc warriors
  3 ice beasts (D:7)
  A necrophage (D:4)
  3 sky beasts
  4 wolves (Lair:1)
  7 ogres
  3 centaurs
  An elf zombie (Ossuary)
  4 kobold brigands
  8 bullfrogs
  4 gnoll sergeants (D:10)
  Dowan (D:6)
  5 killer bees (D:8)
  4 howler monkeys
  3 wights (D:8)
  3 electric eels (Lair:4)
  3 centaur zombies
  2 jellies
  2 human zombies (Ossuary)
  5 orc priests
  2 hounds
  A centaur skeleton (D:7)
  2 gnoll shamans
  A bullfrog skeleton (D:3)
  Jessica (D:3)
  8 orc wizards
  Ijyb (D:3)
  4 iguanas
  2 mummies (Ossuary)
  A howler monkey zombie (D:8)
  Robin (D:4)
  18 gnolls
  10 adders
  A shadow imp (Gauntlet)
  4 white imps
  2 adder zombies (Ossuary)
  3 dart slugs
  27 orcs
  6 endoplasms
  2 giant cockroaches
  17 goblins
  5 hobgoblins
  3 jackals (D:2)
  4 kobolds
  8 quokkas
  7 ball pythons
  4 bats
  3 frilled lizards (D:1)
  2 goblin zombies (Ossuary)
  13 hobgoblin zombies (Ossuary)
  A jackal zombie (Ossuary)
  6 kobold zombies (Ossuary)
  8 orc zombies (Ossuary)
  A rat (D:1)
  2 butterflies (Lair:3)
  2 fulminant prisms (Lair:2)
  A lurking horror (Abyss:2)
  A starspawn tentacle (Abyss:2)
338 creatures vanquished.

Vanquished Creatures (others)
  An orc wizard (D:10)
  A goblin (D:2)
  4 demonic plants (Gauntlet)
  471 foxfires
  2 fulminant prisms (Lair:2)
  15 fungi
  45 plants
  2 starspawn tentacles (Abyss:2)
541 creatures vanquished.

Grand Total: 879 creatures vanquished

Notes
Turn   | Place    | Note
-------+----------+-------------------------------------------
     0 | D:1      | DemonSlayer the Demonspawn Fire Elementalist began the
                  | quest for the Orb.
     0 | D:1      | Reached XP level 1. HP: 13/13 MP: 3/3
    13 | D:1      | Found Losaqe Gudo's General Store.
   282 | D:1      | Gained mutation: You regenerate a little health from kills.
                  | [demonic ancestry]
   282 | D:1      | Reached XP level 2. HP: 19/19 MP: 1/5
   485 | D:1      | Learned a level 2 spell: Scorch
  1369 | D:2      | Reached XP level 3. HP: 21/24 MP: 1/6
  1586 | D:2      | Reached skill level 1 in Short Blades
  1905 | D:2      | Found a faded altar of an unknown god.
  2201 | D:3      | Noticed Jessica
  2205 | D:3      | Found an opulent altar of Gozag.
  2229 | D:2      | Gained mutation: Spells you cast may paralyse adjacent
                  | enemies. [demonic ancestry]
  2229 | D:2      | Reached XP level 4. HP: 21/30 MP: 0/7
  2389 | D:3      | Killed Jessica
  2693 | D:3      | Reached XP level 5. HP: 35/35 MP: 6/9
  2712 | D:3      | Noticed a sky beast
  2716 | D:3      | Killed a sky beast
  3053 | D:3      | Gained mutation: When seriously injured, your blood forms
                  | armour. (AC +6) [demonic ancestry]
  3053 | D:3      | Reached XP level 6. HP: 25/41 MP: 0/11
  3265 | D:3      | Noticed Grinder
  3272 | D:3      | Killed Grinder
  3342 | D:3      | Noticed Ijyb
  3373 | D:3      | Killed Ijyb
  3582 | D:3      | Found a bloodstained altar of Trog.
  3745 | D:3      | Gained mutation: Spells you cast may paralyse nearby
                  | enemies. [demonic ancestry]
  3745 | D:3      | Reached XP level 7. HP: 47/47 MP: 6/13
  3865 | D:3      | Learned a level 3 spell: Conjure Flame
  3870 | D:3      | Learned a level 4 spell: Flame Wave
  3875 | D:3      | Learned a level 4 spell: Airstrike
  3950 | D:4      | Noticed Robin
  4008 | D:4      | Killed Robin
  4016 | D:4      | Reached skill level 5 in Fire Magic
  4042 | D:4      | Found a sand-covered staircase.
  4053 | Ossuary  | Entered an ossuary
  5225 | D:4      | You fall into a shaft and drop 2 floors!
  5297 | D:6      | Reached XP level 8. HP: 53/53 MP: 10/14
  5446 | D:6      | Noticed Duvessa
  5453 | D:6      | Noticed Dowan
  5475 | D:6      | Killed Duvessa
  5479 | D:6      | Killed Dowan
  5754 | D:6      | Noticed Sigmund
  5768 | D:6      | Killed Sigmund
  5769 | D:6      | Reached skill level 5 in Stealth
  5769 | D:6      | Reached skill level 5 in Spellcasting
  6578 | D:6      | Found a blossoming altar of Fedhas.
  7083 | D:5      | Entered Level 5 of the Dungeon
  7263 | D:5      | Reached skill level 1 in Fighting
  7328 | D:5      | Identified the ring "Fiet" {*Corrode +Blink rPois EV+4
                  | Dex-2}
  7734 | D:5      | Found a sacrificial altar of Ru.
  8359 | D:4      | Found a shimmering blue altar of Sif Muna.
  8359 | D:4      | Found a snail-covered altar of Cheibriados.
  8367 | D:4      | Became a worshipper of Cheibriados the Contemplative
  8823 | D:7      | Reached XP level 9. HP: 59/59 MP: 12/18
  8919 | D:7      | Found a hazy altar of Hepliaklqana.
  9334 | D:7      | Found a radiant altar of Vehumet.
  9432 | D:7      | Found a staircase to the Ecumenical Temple.
  9750 | D:7      | Found a basalt altar of Yredelemnul.
  9827 | D:7      | Learned a level 4 spell: Fulminant Prism
 10742 | D:8      | Found a shadowy altar of Dithmenos.
 10785 | D:8      | Identified the +8 spear of Noqul {antimagic, rC+}
 10797 | D:8      | Reached * piety under Cheibriados
 11317 | D:9      | Noticed Psyche
 11324 | D:9      | Killed Psyche
 11325 | D:9      | Reached XP level 10. HP: 61/65 MP: 18/21
 11526 | D:9      | Found an ancient bone altar of Kikubaaqudgha.
 11989 | D:9      | Noticed a two-headed ogre
 11993 | D:9      | Killed a two-headed ogre
 12427 | D:9      | Learned a level 4 spell: Dispel Undead
 12429 | D:10     | Entered Level 10 of the Dungeon
 12457 | D:10     | Found a broken altar of Ashenzari.
 12512 | D:10     | Found a staircase to the Orcish Mines.
 13226 | D:10     | Noticed a two-headed ogre
 13237 | D:10     | Killed a two-headed ogre
 13238 | D:10     | Gained mutation: You have sharp fingernails. [demonic
                  | ancestry]
 13238 | D:10     | Reached XP level 11. HP: 71/72 MP: 22/24
 13260 | D:10     | Found a staircase to the Lair.
 13581 | D:10     | Noticed a two-headed ogre
 13585 | D:10     | Killed a two-headed ogre
 13748 | D:10     | Learned a level 5 spell: Alistair's Intoxication
 13794 | Lair:1   | Entered Level 1 of the Lair of Beasts
 13835 | Lair:1   | Noticed Grum
 13847 | Lair:1   | Killed Grum
 14750 | D:1      | Bought a +1 cloak for 126 gold pieces
 15462 | Lair:2   | Reached skill level 10 in Fire Magic
 15880 | Lair:2   | Noticed a death yak
 15883 | Lair:2   | Noticed a death yak
 15883 | Lair:2   | Noticed a death yak
 15895 | Lair:2   | Killed a death yak
 15896 | Lair:2   | Reached skill level 10 in Spellcasting
 18075 | Lair:3   | Found a sacrificial altar of Ru.
 18232 | Lair:3   | Gained mutation: You have very sharp fingernails. [demonic
                  | ancestry]
 18232 | Lair:3   | Reached XP level 12. HP: 78/80 MP: 21/26
 18669 | Lair:3   | Learned a level 5 spell: Freezing Cloud
 19104 | Lair:4   | Found a staircase to the Snake Pit.
 19115 | Lair:4   | Reached ** piety under Cheibriados
 19715 | Lair:4   | Found a staircase to the Shoals.
 19899 | Lair:4   | You fall into a shaft and drop 1 floor!
 19938 | Lair:5   | Found a gate leading to a gauntlet.
 19952 | Gauntlet | Entered a Gauntlet
 19952 | Gauntlet | Found a transporter.
 19958 | Gauntlet | Noticed a catoblepas
 19961 | Gauntlet | Found a transporter.
 19973 | Gauntlet | Found a transporter.
 19977 | Gauntlet | Found a transporter.
 19987 | Gauntlet | Found a transporter.
 20007 | Gauntlet | Found a transporter.
 20020 | Gauntlet | Found a transporter.
 20040 | Gauntlet | Found a transporter.
 20044 | Gauntlet | Found a transporter.
 20052 | Gauntlet | Found a transporter.
 20076 | Gauntlet | Found a transporter.
 20078 | Gauntlet | Found a transporter.
 20673 | Gauntlet | Cast into level 2 of the Abyss (a wizard)
 20673 | Abyss:2  | Found a corrupted altar of Lugonu.
 20775 | Abyss:2  | Noticed a tentacled starspawn
 20788 | Abyss:2  | Killed a tentacled starspawn
 20982 | Abyss:2  | HP: 2/80 [sixfirhy (11)]
 20983 | Abyss:2  | Slain by a small abomination

Illustrated notes

Levels and vault maps discovered:
D:1:      dpeg_arrival_windows_large_door, layout_basic, serial_shops, shop,
          ebering_dispersal_statue_hall, st_stairs_10
D:2:      layout_rooms, ebering_ecumenical_altar_abandoned
D:3:      layout_basic, lemuel_coloured_pillars_altar, grunt_gozag_breadcrumbs,
          uniq_jessica, uniq_grinder, uniq_ijyb
D:4:      layout_basic, amethyst_overflow_temple_binary, enter_ossuary_1,
          uniq_robin
D:5:      layout_cave_pools, mainiacjoe_overflow_brackets
D:6:      layout_basic, mainiacjoe_overflow_alcove_1, uniq_sigmund, uniq_duvessa
D:7:      layout_loops_ring, nicolae_hepliaklqana_hazy_memory,
          old_standard_altar, lemuel_round_altar, yredelemnul_altar_generic,
          minmay_temple_entry_antechambers
D:8:      layout_cave_pods, mainiacjoe_overflow_surrounded_room, nrook_campfire,
          blue_anna_alchemist
D:9:      layout_stronghold, old_standard_altar, uniq_psyche
D:10:     layout_basic, mainiacjoe_overflow_paths, erik_lair_orcish_takeover,
          kennysheep_orc_monster_closet_entryway, evilmike_butchery
Lair:1:   layout_cave_shapes, chequers_serial_rivers_marsh,
          serial_bayou_shore_b, uniq_grum
Lair:2:   layout_cave_pods, chequers_serial_rivers_small_b, serial_bayou_pond_c,
          serial_bayou_shore_b
Lair:3:   layout_concentric_octagons, basic_altar, lemuel_fruit_fields
Lair:4:   layout_loops_ring, minmay_shoals_entry_hut,
          guppyfry_snake_entry_island, serial_bayou, serial_bayou_shore_b,
          serial_bayou_lake_a, serial_bayou_shore_a, serial_bayou_lagoon_b,
          serial_bayou_crossing
Lair:5:   layout_loops_ring, slime_dummy, gauntlet_entry_generic
Abyss:2:  base:
Lair:3
Gauntlet: minmay_gauntlet_mixed_oops_all_seconds [minmay_gauntlet_arena_77_box,
          gammafunk_gauntlet_arena_split_x,
          minmay_gauntlet_arena_77_block_sizes, nicolae_gauntlet_swirl,
          minmay_gauntlet_arena_77_museum, gammafunk_gauntlet_arena_hedges,
          gauntlet_exit_watery]

Skill      XL: |  1  2  3  4  5  6  7  8  9 10 11 12 |
---------------+-------------------------------------+-----
Dodging        | 2 3 4 |  4.7
Fire Magic     | 3 4 5 6 8 9 10 11 | 11.2
Short Blades   | 1 2 3 4 |  4.4
Stealth        | 2 4 5 6 7 8 9 |  9.7
Spellcasting   | 3 4 6 7 9 10 11 | 11.1
Conjurations   | 2 3 |  3.5
Fighting       | 1 2 |  2.7
Throwing       | |  0.2
Unarmed Combat | |  0.1
Hexes          | |  0.1
Evocations     | |  0.8

Action                   |  1- 3 |  4- 6 |  7- 9 | 10-12 || total
-------------------------+-------+-------+-------+-------++-------
Melee: Short sword       |    15 |       |       |       ||    15
       Dagger            |       |    15 |   116 |   201 ||   332
       Unarmed           |       |    26 |       |       ||    26
       Punch             |       |       |     1 |       ||     1
Throw: Dart              |       |       |       |     7 ||     7
       Throwing net      |       |       |       |     2 ||     2
 Cast: Foxfire           |    99 |     3 |   172 |    26 ||   300
       Scorch            |     2 |    34 |   110 |   221 ||   367
       Conjure Flame     |       |       |     4 |     1 ||     5
       Flame Wave        |       |       |     2 |     8 ||    10
       Fulminant Prism   |       |       |       |     4 ||     4
Evoke: Wand              |       |       |     4 |     1 ||     5
  Use: Scroll            |       |       |    20 |    15 ||    35
       Potion            |       |       |       |    10 ||    10
 Stab: Sleeping          |     1 |     1 |     9 |     6 ||    17
       Paralysed         |       |     7 |    65 |    70 ||   142
Armor: Robe              |     4 |     3 |    46 |    95 ||   148
       Skin              |       |     8 |       |       ||     8
Dodge: Dodged            |    26 |    21 |    84 |   316 ||   447
